[Event "44th Chess Olympiad Women 2022"]
[Site "Chennai"]
[Date "2022.07.29"]
[Round "1.1"]
[White "Saidova, Rukhshona"]
[Black "Tania, Sachdev"]
[Result "0-1"]
[ECO "C93"]
[WhiteElo "1624"]
[BlackElo "2399"]
[Annotator "TA"]
[PlyCount "206"]
[EventDate "2022.07.29"]
[EventType "team-tourn"]
[EventCountry "IND"]
[SourceTitle "playchess.com"]
[Source "ChessBase"]
[SourceQuality "1"]
[WhiteTeam "Tajikistan"]
[BlackTeam "India"]
[WhiteTeamCountry "TJK"]
[BlackTeamCountry "IND"]
[TimeControl "40/5400+30:1800+30"]

1. e4 e5 2. Nf3 Nc6 3. Bb5 a6 4. Ba4 Nf6 5. O-O Be7 6. Re1 b5 7. Bb3 d6 8. c3 O-O 9. h3 h6 10. d4 Re8 11. Nbd2 Bf8 12. Nf1 Bd7 13. Ng3 Na5 14. Bc2 c5 15. a4 {[%emt 0:06:56] 15.d5 is the modern continuation. C93: Closed Ruy Lopez: Smyslov Variation.} Nc6 (15... cxd4 {is more complex.} 16. cxd4 Qb6 17. axb5 axb5 18. d5 Nc4) 16. axb5 (16. d5 $14 Ne7 17. b4) 16... axb5 $11 {[%emt 0:00:12] [#]} 17. Rxa8 $146 {[%emt 0:01:03] The position is equal.} ({Predecessor:} 17. Be3 Qc7 18. Qd2 Red8 19. d5 Ne7 20. Nxe5 Rxa1 21. Rxa1 dxe5 22. d6 Qc6 23. dxe7 Bxe7 {½-½ (35) Uthayakumar,R (1656)-Yang,F (1986) Mississauga 2017}) 17... Qxa8 18. dxc5 dxc5 19. Nh4 g6 20. Qf3 Nh7 21. Nf1 ({But not} 21. Bb3 c4 22. Bc2 Ng5 $15) 21... Nd8 22. Qg3 Kh8 (22... Ne6 $11) 23. Ne3 Bg7 24. Nd5 Qb7 {[%emt 0:04:38] Inhibits Nc7.} 25. Rd1 Bc6 26. Nf3 Kg8 27. Nh2 h5 28. Be3 Ne6 29. Nf3 Qb8 ({Less strong is} 29... Nf6 30. Nxe5 Bxd5 31. exd5 Nxd5 {[#]} 32. Nxf7 $1 $18 ) 30. Ng5 Nhxg5 31. Bxg5 Nxg5 32. Qxg5 {[%emt 0:00:05] [#] Black must now prevent Ne7+.} Qb7 {[%emt 0:00:09] Inhibits Ne7+.} 33. f3 Re6 34. Qd8+ Kh7 (34... Bf8 $11 {should be considered.}) 35. Qh4 (35. g4 $14 {was preferrable.}) 35... Bh6 36. g4 hxg4 $2 (36... Bxd5 $14 37. exd5 Rd6) 37. hxg4 (37. fxg4 $18 {And now g5 would win.} g5 38. Qf2) 37... g5 $16 38. Qh5 Rd6 (38... Kg8 $16 {keeps fighting.}) 39. Ne3 ({White should try} 39. Qh2 $18 f6 40. Kg2) 39... Rxd1+ 40. Bxd1 Qd7 41. Be2 Qe6 42. Nf5 Qg6 43. Qxg6+ (43. Qh2 {seems wilder.} f6 44. b3 Bd7 45. Kf2) 43... fxg6 {[%emt 0:00:02][%mdl 4096] Endgame KBB-KBN} 44. Ne7 Bd7 45. Nd5 Kg7 {[%emt 0:01:33] Inhibits Nf6.} 46. Nc7 (46. b3 $16) 46... c4 $1 $11 47. Kf2 Kf7 48. Ke3 Bf8 49. Nd5 Ke6 50. Kd2 Bc5 51. Ne3 Kd6 52. Bd1 Be6 53. Be2 Kc6 54. Nf1 Bf2 55. Kc2 Kc5 56. Nd2 Be3 57. Nb1 Bf4 58. Nd2 b4 59. Nb1 Bd7 {[%emt 0:01:22] aiming for ...Ba4+.} 60. b3 {[%emt 0:04:01] Inhibits Ba4.} cxb3+ 61. Kxb3 Be6+ 62. Kb2 Be3 63. cxb4+ Kxb4 64. Kc2 Bb3+ 65. Kd3 Bd4 66. Nd2 Ba4 67. Nb1 Bd7 68. Kd2 Kb3 69. Bd3 Kb2 70. Ke2 Kc1 71. Nd2 Ba4 {[%emt 0:00:04] ...Bd1+ is the strong threat.} 72. Nc4 (72. Ba6 $11 {remains equal.}) 72... Bd1+ $17 {[%emt 0:00:11] A strong pair of Bishops.} 73. Ke1 Bxf3 74. Nd6 Be3 (74... Bxg4 $17 {Strongly threatening ...Bf3.} 75. Nf7 Bd1 76. Nxg5 Be3) 75. Be2 $11 Bh1 76. Bd3 Bf3 77. Be2 Bg2 78. Bd3 Bh3 79. Be2 $1 Kc2 80. Nf7 Bf4 81. Bf3 $1 Kd3 {[%emt 0:00:25] Threatens to win with ...Bg3+.} 82. Kf2 {[%emt 0:00:07] Inhibits Bg3+.} Kd2 83. Nh8 $2 {[%emt 0:00:59][%mdl 8192] White is now going downhill.} (83. Be2 $11) 83... Be3+ $19 84. Kg3 Bf1 85. Nxg6 Ke1 $2 (85... Bc4 86. Ne7 Ke1) 86. Bg2 Bc4 87. Kh3 Bf4 $2 (87... Bd4 88. Ne7 Be3) 88. Ne7 Ke2 (88... Kf2 $142 89. Nd5 Be2) 89. Nd5 Kf2 90. Nc3 Ke3 91. Nd1+ $2 (91. Na4) 91... Kd2 92. Nf2 Ke2 93. Nh1 Bd3 94. Ng3+ Bxg3 95. Kxg3 {[%emt 0:00:20] KB-KB} Ke3 96. Bf3 Bxe4 97. Bd1 Bd3 98. Bf3 Kd2 99. Kf2 e4 100. Bxe4 Bxe4 {[%emt 0:00:02] Black mates.} 101. Kg3 Ke3 102. Kh2 Kf4 103. Kh3 Bd5 {[%emt 0:00:05] Weighted Error Value: White=0.14 (very precise) /Black=0.17 (very precise)} 0-1

[Event "44th Chess Olympiad Women 2022"]
[Site "Chennai"]
[Date "2022.07.29"]
[Round "1.2"]
[White "Buksa, Nataliya"]
[Black "Selkirk, Rebecca"]
[Result "1-0"]
[ECO "A31"]
[WhiteElo "2401"]
[BlackElo "1745"]
[Annotator "TA"]
[PlyCount "81"]
[EventDate "2022.07.29"]
[EventType "team-tourn"]
[EventCountry "IND"]
[SourceTitle "playchess.com"]
[Source "ChessBase"]
[SourceQuality "1"]
[WhiteTeam "Ukraine"]
[BlackTeam "South Africa"]
[WhiteTeamCountry "UKR"]
[BlackTeamCountry "RSA"]
[TimeControl "40/5400+30:1800+30"]

1. e4 c5 2. Nf3 e6 3. d4 cxd4 4. Nxd4 a6 5. c4 Nf6 6. Nc3 Qc7 7. a3 b6 8. Be3 Bb7 9. f3 d6 10. Be2 Nbd7 11. Rc1 Be7 12. O-O O-O 13. Qd2 Rfe8 14. b4 Rac8 15. Na4 {[%emt 0:04:55] A31: Symmetrical English: 2 Nf3 Nf6 3 d4.} Qb8 16. Kh1 d5 17. cxd5 {[%emt 0:13:08] [#] White is slightly better.} exd5 $146 ({Predecessor:} 17... Rxc1 18. Rxc1 exd5 19. e5 Nxe5 20. Nxb6 Bd6 21. Nf5 Bc7 22. Nxg7 Kxg7 23. Bh6+ Kh8 {1-0 (31) Alsina Leal,D (2529)-Deepan Chakkravarthy,J (2506) Paris 2009}) 18. Bf4 (18. e5 $1 $14 Rxc1 19. Rxc1 Nxe5 20. Nxb6) 18... Bd6 $11 19. Bxd6 Qxd6 20. Nf5 Qe5 21. Rxc8 Rxc8 22. Qg5 g6 {[%emt 0:02:52] [#]} 23. Nxb6 $1 Re8 $1 24. Nxd7 {[%emt 0:14:44] The board is on fire.} Nxd7 25. Qg3 (25. b5 $5 a5 26. Qg3 $11) 25... Qb2 26. Nd6 Rb8 (26... Qxe2 $2 27. Re1 Qd3 28. Nxe8 $18) (26... Re6 $1 $11 {remains equal.}) 27. Nxb7 {[%emt 0:00:10] White is more active.} Qxe2 {[%emt 0:02:10][%cal Re2f1] [#]} 28. Re1 Qd2 29. Nc5 Rd8 30. Qh4 (30. Nxa6 $6 dxe4 31. fxe4 Nf6 $11) 30... f6 31. Nxd7 Rxd7 32. exd5 {[%emt 0:00:34] Threatens to win with h3.} Rxd5 $16 {[%emt 0:00:50][%mdl 4096] Endgame KQR-KQR} 33. h3 {[%emt 0:00:04] And now Re7 would win.} Rd4 34. Qg3 Qc3 (34... Rd7 $16 35. Re6 Qc1+ 36. Kh2 Kf7) 35. Re7 {[%emt 0:01:25] White wants to mate with Qb8+.} Rc4 $2 (35... Qc8 36. Qe1 Qc4) 36. Qd6 Rc8 {[%emt 0:02:07] Inhibits Qd8+.} 37. Ra7 $2 $40 {[%emt 0:01:23][%mdl 128] White has strong attack.} ({Less strong is} 37. Qxa6 Qc1+ 38. Kh2 Qf4+ 39. g3 Rc2+ 40. Re2 Qc1 $16) (37. Qe6+ $18 {and White stays clearly on top.} Kh8 38. Kh2 (38. Qf7 Qc1+ 39. Kh2 Qf4+ 40. Kg1 Rc1+ 41. Kf2 Qh4+ 42. Ke3 Qg5+ 43. Kf2 Qh4+ 44. Ke3 Qg5+ 45. Kf2 Qh4+ $11) 38... Qe5+ 39. Qxe5 fxe5 40. Rxe5) 37... f5 $2 (37... Qe3 $16 38. Re7 (38. Rxa6 Rc1+ 39. Kh2 Qg1+ 40. Kg3 Qe1+ 41. Kh2 Qg1+ 42. Kg3 Qe1+ 43. Kh2 Qg1+ $11) 38... Qc1+ 39. Kh2 Qc6) 38. Kh2 $18 {[%emt 0:01:05] White threatens Qe6+ and mate.} Qe3 {[%emt 0:02:11] Inhibits Qe6+.} 39. Re7 Qc3 40. Qe6+ Kh8 41. Qf7 {[%emt 0:30:03] Weighted Error Value: White=0.22 (precise) /Black=0.83} 1-0

[Event "44th Chess Olympiad Women 2022"]
[Site "Chennai"]
[Date "2022.07.29"]
[Round "1.3"]
[White "Javakhishvili, Lela"]
[Black "A-ALI, Sali Abbas Abdulzahr"]
[Result "1-0"]
[ECO "E18"]
[WhiteElo "2476"]
[BlackElo "1864"]
[Annotator "TA"]
[PlyCount "83"]
[EventDate "2022.07.29"]
[EventType "team-tourn"]
[EventCountry "IND"]
[SourceTitle "playchess.com"]
[Source "ChessBase"]
[SourceQuality "1"]
[WhiteTeam "Georgia"]
[BlackTeam "Iraq"]
[WhiteTeamCountry "GEO"]
[BlackTeamCountry "IRQ"]
[TimeControl "40/5400+30:1800+30"]

1. d4 d5 2. c4 e6 3. Nf3 Nf6 4. g3 Be7 5. Bg2 O-O 6. O-O b6 7. cxd5 exd5 8. Nc3 Bb7 9. Bf4 c5 (9... Nbd7 $11) 10. Rc1 {[%emt 0:07:31] E18: Queen's Indian: Old Main Line (4 g3 Bb7 5 Bg2 Be7 6 0-0 0-0 7 Nc3).} Nc6 11. dxc5 Bxc5 12. a3 {[%emt 0:09:30] [#] White is better.} h6 $146 ({Predecessor:} 12... Ne7 13. b4 Bd6 14. Bxd6 Qxd6 15. Nb5 Qd8 16. Nbd4 Rc8 17. Qa4 a6 18. Qb3 Re8 {1-0 (51) Ilascu C,I (2081)-Redlinger,L (1875) ICCF email 2014}) 13. b4 Be7 14. Ne5 {[%emt 0:05:11] Inhibits Qd7.} Nxe5 15. Bxe5 Ne4 (15... Rc8 $142) 16. Nxe4 $16 dxe4 17. Rc7 Bd5 {[%emt 0:01:49] [#]} 18. Qd4 (18. Rxe7 $1 $18 {[%mdl 512] Threatens to win with Rc7.} Qxe7 19. Qxd5) 18... Bd6 {[%emt 0:05:50] [#]} (18... Re8 $14) 19. Bxg7 $1 {[%emt 0:08:36] White is more active.} Bxc7 20. Bxf8 Kxf8 21. Rd1 Qg5 {[%emt 0:05:25] ...Rd8 is the strong threat.} 22. h4 (22. Qxd5 $16 Qxd5 23. Rxd5) 22... Qg6 $1 $14 23. Qc3 $1 ({Reject} 23. Qxd5 Rd8 24. Qb3 Rxd1+ 25. Qxd1 e3 $11) 23... Bc6 {[%emt 0:07:45] [#]} (23... Qc6 $14 24. Qxc6 Bxc6) 24. h5 (24. b5 $1 $18 Rd8 25. Rxd8+ Bxd8 26. bxc6) 24... Qe6 $16 {[%emt 0:01:15] And now ...Be5 would win.} 25. Rc1 Rd8 26. Qxc6 Rd1+ 27. Kh2 Rxc1 28. Qxc1 {[%emt 0:00:02][%mdl 4096] Endgame KQB-KQB} Bd8 29. Qf4 $36 {[%emt 0:03:00][%mdl 2048] White has strong initiative.} e3 30. Bh3 ({Don't play} 30. Qxe3 $6 Qxe3 31. fxe3 Bg5 $14) 30... Bg5 $2 (30... Qf6 $16) 31. Qxg5 hxg5 32. Bxe6 fxe6 $18 {[%emt 0:00:11] KP-KP} 33. g4 exf2 34. Kg2 {[%emt 0:00:03] White mates.} Kg7 35. Kxf2 a6 36. Ke3 Kf7 37. Ke4 Kf6 38. Kd4 Kf7 39. Ke5 Ke7 40. a4 b5 41. axb5 axb5 42. e4 {[%emt 0:00:14] Weighted Error Value: White=0.14 (very precise) /Black=0.38} 1-0

[Event "44th Chess Olympiad Women 2022"]
[Site "Chennai"]
[Date "2022.07.29"]
[Round "1.4"]
[White "Khalil, Manar"]
[Black "Rudzinska, Michalina"]
[Result "0-1"]
[ECO "B13"]
[WhiteElo "1831"]
[BlackElo "2315"]
[Annotator "TA"]
[PlyCount "66"]
[EventDate "2022.07.29"]
[EventType "team-tourn"]
[EventCountry "IND"]
[SourceTitle "playchess.com"]
[Source "ChessBase"]
[SourceQuality "1"]
[WhiteTeam "Syria"]
[BlackTeam "Poland"]
[WhiteTeamCountry "SYR"]
[BlackTeamCountry "POL"]
[TimeControl "40/5400+30:1800+30"]

1. e4 c6 2. d4 d5 3. exd5 cxd5 4. Bd3 Nf6 5. h3 Nc6 6. Nf3 g6 7. O-O Bf5 8. c3 Qc7 {[%emt 0:01:55] B13: Caro-Kann: Exchange Variation and Panov-Botvinnik Attack.} 9. Re1 e6 10. Na3 ({White should try} 10. Bb5) 10... a6 (10... Bxd3 $142 11. Qxd3 Bxa3 12. bxa3 O-O) 11. Nc2 {[%emt 0:03:49] [#]} Bd6 $146 ({Predecessor:} 11... h5 12. a4 Be7 13. Bg5 Na5 14. Bxf6 Bxf6 15. Ne3 Be7 16. Nxf5 gxf5 17. Ne5 Nc6 18. Nxc6 bxc6 {0-1 (76) Nayak,R (2227)-Mitrabha,G (2414) Udaipur 2019}) 12. Bh6 {[%emt 0:09:25] Bxf5 is the strong threat.} Bxd3 13. Qxd3 Nh5 {[%emt 0:01:09] Inhibits Bg7.} 14. Ne3 Ne7 15. Ng4 Nf5 16. Nfe5 (16. Bd2 $11) 16... f6 $1 $15 17. Nf3 Nxh6 18. Nxh6 Nf4 19. Qd2 {[%emt 0:01:08] [#]} (19. Qe3 $11 Qg7 20. Ng4) 19... O-O-O $1 $17 20. Ng4 h5 $36 {[%emt 0:01:41][%mdl 2048] Black has strong initiative.} 21. Nge5 ({Don't play} 21. Nxf6 Rdf8 22. Nxd5 exd5) 21... g5 ({Inferior is} 21... fxe5 22. dxe5 Nxh3+ 23. gxh3 $15) 22. Nd3 g4 23. Nh4 gxh3 {[%emt 0:03:33] Black is more active.} (23... Rhg8 $17 24. Qe3 Rde8) 24. g3 $2 (24. Nxf4 $1 $11 {and White stays safe.} Bxf4 25. Qd3) 24... Rdg8 $19 {[%emt 0:03:07] [#] White must now prevent ...Nxd3.} 25. Kh2 $2 (25. Nxf4 Bxf4 26. Qe2 Bxg3 27. fxg3 Qxg3+ 28. Kh1 Qxh4 29. Qxe6+ Kb8 30. Qd6+ Ka8 31. Qxd5) 25... Ng2 26. Nxg2 hxg2 27. Qe3 h4 28. Kxg2 hxg3 29. Qxe6+ Kb8 {[%emt 0:00:10] Hoping for ...gxf2+.} 30. Kf3 (30. Rh1 $142 gxf2+ 31. Kxf2) 30... gxf2 31. Nxf2 Bg3 {[%emt 0:00:25] ( -> ...Qf4+)} 32. Qf5 {[%emt 0:01:17] Against Qf4+} Bxf2 33. Kxf2 Qh2+ {[%emt 0:00:13] Weighted Error Value: White=1.14/Black=0.16 (very precise)} 0-1

[Event "44th Chess Olympiad Women 2022"]
[Site "Chennai"]
[Date "2022.07.29"]
[Round "1.4"]
[White "Ahmad Murad, Fatema Alzahraa."]
[Black "Kiolbasa, Oliwia"]
[Result "0-1"]
[ECO "D56"]
[WhiteElo "1791"]
[BlackElo "2376"]
[Annotator "TA"]
[PlyCount "54"]
[EventDate "2022.07.29"]
[EventType "team-tourn"]
[EventCountry "IND"]
[SourceTitle "playchess.com"]
[Source "ChessBase"]
[SourceQuality "1"]
[WhiteTeam "Syria"]
[BlackTeam "Poland"]
[WhiteTeamCountry "SYR"]
[BlackTeamCountry "POL"]
[TimeControl "40/5400+30:1800+30"]

1. d4 d5 2. c4 e6 3. Nc3 Nf6 4. Bg5 Be7 5. e3 Nbd7 6. Nf3 h6 7. Bh4 O-O 8. Be2 {[%emt 0:01:34] D56: Queen's Gambit Declined: Lasker Defence.} c5 {[%emt 0:04:35] 8...dxc4 is the modern continuation.} 9. O-O Ne4 10. Bxe7 (10. Nxe4 {is interesting.} dxe4 11. Bxe7 Qxe7 12. Ne5) 10... Qxe7 11. cxd5 Nxc3 12. bxc3 {[%emt 0:01:23] dxe6 is the strong threat.} exd5 {[%emt 0:00:18] [#]} 13. dxc5 $146 ({Predecessor:} 13. Rc1 c4 14. Qc2 Nf6 15. Ne5 Nd7 16. Nf3 Nf6 17. Nd2 b5 18. Rfe1 Rb8 19. Bf1 {1-0 (44) Rasche,H-Zitzwitz,B Baunatal 1998}) 13... Nxc5 14. Qd4 (14. Qxd5 $14 Bg4 15. h3) 14... Be6 $11 15. Rab1 Rac8 16. Rfc1 Rfd8 17. Qb4 Bf5 18. Rb2 Qf6 19. Nd4 Bd3 {[%emt 0:04:19] Hoping for ...Bxe2.} 20. Nb3 Nxb3 21. axb3 Be4 {[%emt 0:08:39][%cal Od5d4] Strongly threatening ...d4!} 22. Rd2 {[%emt 0:11:56] Against d4} Rc6 23. Bd3 Rb6 {[%emt 0:09:51] The position is equal.} 24. Qa4 a6 25. Rcd1 Bxd3 26. Rxd3 Rc8 27. Rxd5 Qxc3 {[%emt 0:02:19][%mdl 32768] Weighted Error Value: White=0.10 (very precise) /Black=0.09 (flawless) . Loss on time!?} 0-1

[Event "44th Chess Olympiad Women 2022"]
[Site "Chennai"]
[Date "2022.07.29"]
[Round "1.5"]
[White "Milliet, Sophie"]
[Black "Jose de Ribbegren, Kenia"]
[Result "1-0"]
[ECO "C02"]
[WhiteElo "2396"]
[BlackElo "1787"]
[Annotator "TA"]
[PlyCount "51"]
[EventDate "2022.07.29"]
[EventType "team-tourn"]
[EventCountry "IND"]
[SourceTitle "playchess.com"]
[Source "ChessBase"]
[SourceQuality "1"]
[WhiteTeam "France"]
[BlackTeam "Monaco"]
[WhiteTeamCountry "FRA"]
[BlackTeamCountry "MNC"]
[TimeControl "40/5400+30:1800+30"]

1. e4 e6 2. d4 d5 3. e5 c5 4. c3 Nc6 5. Nf3 Qb6 6. Bd3 Bd7 7. dxc5 Bxc5 8. O-O a5 9. Nbd2 a4 {[%emt 0:03:58] Against Nb3. C02: French: Advance Variation.} 10. b4 Be7 ({Better is} 10... axb3 $1 $14 11. Nxb3 Nge7) 11. b5 $16 {[%emt 0:06:31] [#]} Nb8 $146 (11... Nd8 $16) ({Predecessor:} 11... Nd8 12. Nd4 Qc7 13. N2f3 Qxc3 14. Be3 Nh6 15. Rc1 Qa5 16. Bxh6 gxh6 17. Rc2 h5 {0-1 (55) Skytte,R (2436)-Gajek,R (2315) Naklo nad Notecia 2014}) 12. c4 $18 Bc5 (12... Nh6 {might work better.} 13. Bb2 O-O) 13. Rb1 (13. Ng5 $18) 13... Ne7 {[%emt 0:03:07] [#]} 14. h4 (14. Ng5 $1 $18 {and White stays clearly on top.}) 14... Ng6 (14... h6 $142) 15. g3 Qc7 16. Qe2 b6 17. h5 Ne7 18. Bb2 Bc8 19. cxd5 exd5 20. Nd4 Qd7 {[%emt 0:10:34] [#]} 21. e6 $1 fxe6 22. h6 O-O (22... g6 23. Nxe6 Qxe6 24. Qxe6 (24. Bxh8 Qh3 $16) 24... Bxe6 25. Bxh8 Bg4) 23. hxg7 {[%emt 0:01:04] White wants to mate with Bxh7+.} Rf7 {[%emt 0:00:30] [#]} (23... Rf6 $18 24. N4b3 e5) 24. Bxh7+ $1 {[%emt 0:06:38][%mdl 512] White mates.} Kxg7 25. Nxe6+ Kh6 {[%emt 0:00:20] [#]} 26. Qg4 $1 {[%emt 0:01:27] Weighted Error Value: White=0.15 (very precise) /Black=0.82} 1-0

[Event "44th Chess Olympiad Women 2022"]
[Site "Chennai"]
[Date "2022.07.29"]
[Round "1.5"]
[White "Dubois, Martine"]
[Black "Guichard, Pauline"]
[Result "0-1"]
[ECO "C55"]
[WhiteElo "1782"]
[BlackElo "2379"]
[Annotator "TA"]
[PlyCount "76"]
[EventDate "2022.07.29"]
[EventType "team-tourn"]
[EventCountry "IND"]
[SourceTitle "playchess.com"]
[Source "ChessBase"]
[SourceQuality "1"]
[WhiteTeam "Monaco"]
[BlackTeam "France"]
[WhiteTeamCountry "MNC"]
[BlackTeamCountry "FRA"]
[TimeControl "40/5400+30:1800+30"]

1. e4 e5 2. Bc4 Nf6 3. d3 Nc6 4. Nf3 h6 5. c3 d6 6. O-O g5 $1 {[%emt 0:03:23][%mdl 4] now scores much better than the old 6...g6. C55: Two Knights: 4 d3, 4 d4 exd4 5 e5 and Max Lange Attack.} 7. d4 ({White should play} 7. Nbd2 $14) 7... Bg4 {[%emt 0:06:24] [#]} (7... g4 $11 8. Nfd2 exd4) 8. d5 $146 (8. Qb3 $16) ({Predecessor:} 8. dxe5 Nxe5 9. Be2 Bg7 10. Nd4 Be6 11. Nxe6 fxe6 12. Bh5+ Nxh5 13. Qxh5+ Kd7 14. Be3 {1-0 (41) Isha,S (2276)-Demin,V (2430) Chess.com INT 2020}) 8... Ne7 $14 {[%emt 0:01:45][%cal Bc6e7,Be7g6,Bg6f4][%mdl 32] White is slightly better.} 9. Nbd2 Bg7 10. Re1 O-O 11. Nf1 Ng6 12. Ng3 (12. h3 $5 Bd7 13. Ng3 $11) 12... Nf4 13. h3 Bd7 14. Nf5 Bxf5 15. exf5 Qd7 16. Bxf4 gxf4 17. Nh4 Kh8 18. Be2 (18. Bb3 $11 {remains equal.}) 18... Rg8 $17 19. Bg4 {[%emt 0:03:02] [#]} (19. Bc4 $17 {is a better defense.}) 19... Qb5 (19... Rae8 $1 $19 {and Black stays clearly on top.} 20. Be2 e4) 20. Qe2 Qxe2 (20... Qxd5 {is more complex.} 21. Bf3 Qc5 22. Qd2 c6) 21. Bxe2 e4 {[%emt 0:07:51] Against Bd3} ({Of course not} 21... Nxd5 22. Bc4 Ne7 23. Bxf7 $11) 22. Bc4 Rae8 23. g3 {[%emt 0:04:37] [#]} (23. f3 $17) 23... f3 $1 $19 24. Rad1 (24. Kh2 $142) 24... h5 25. Kh2 Bh6 26. Rg1 Bg5 27. Kh1 Re5 28. Kh2 Kh7 29. Kh1 (29. Bb3 $142) 29... Bxh4 30. gxh4 Rxg1+ ({And not} 30... Rxf5 31. Bb3 $17) 31. Kxg1 Rxf5 {[%emt 0:00:14][%mdl 4096] Endgame KRB-KRN} 32. Kh2 Re5 33. Kg3 (33. Bb3 $142 Kg6 34. Rg1+ Kf5 35. Rg7) 33... Nd7 {[%emt 0:00:10] Black is clearly winning.} 34. Kf4 Nf8 35. Ke3 Ng6 36. Rd4 f5 37. Rd1 f4+ 38. Kd4 Nxh4 {[%emt 0:00:24] Weighted Error Value: White=0.57/Black=0.15 (very precise)} 0-1

[Event "44th Chess Olympiad Women 2022"]
[Site "Chennai"]
[Date "2022.07.29"]
[Round "1.6"]
[White "Rouda Essa, Alserkal"]
[Black "Fataliyeva, Ulviyya"]
[Result "0-1"]
[ECO "C09"]
[WhiteElo "1874"]
[BlackElo "2372"]
[Annotator "TA"]
[PlyCount "65"]
[EventDate "2022.07.29"]
[EventType "team-tourn"]
[EventCountry "IND"]
[SourceTitle "playchess.com"]
[Source "ChessBase"]
[SourceQuality "1"]
[WhiteTeam "United Arab Emirates"]
[BlackTeam "Azerbaijan"]
[WhiteTeamCountry "UAE"]
[BlackTeamCountry "AZE"]
[TimeControl "40/5400+30:1800+30"]

1. e4 e6 2. d4 d5 3. Nd2 c5 4. Ngf3 Nc6 5. exd5 exd5 6. dxc5 Bxc5 7. Nb3 Bb6 8. Bg5 {[%emt 0:06:12] C09: French Tarrasch: 3...c5 4 exd5 exd5 5 Ngf3 Nc6.} Nf6 $1 9. Bd3 O-O 10. O-O {[%emt 0:00:24] Black has an edge.} Bg4 (10... h6 $5 11. Be3 Bxe3 12. fxe3 Bd7 $11) 11. Be2 Re8 12. Nfd4 Bxe2 13. Nxe2 {[%emt 0:01:27] [#]} Qd6 $146 ({Predecessor:} 13... Qe7 14. Ng3 Qe5 15. Bxf6 Qxf6 16. Qxd5 Qxb2 17. c4 Rad8 18. Qg5 Qe5 19. Nf5 g6 {0-1 (38) Subelj,J (2341)-Boyer,M (2189) Riga 2018}) 14. Bf4 Qb4 {[%emt 0:06:26][%cal Oe8e2] aiming for ...Rxe2!} 15. Bg3 h5 16. c3 Qg4 17. Nf4 Qg5 18. Nd2 (18. a4 $15) 18... Qh6 {[%emt 0:08:18] And now ...h4 would win.} 19. Nf3 Rad8 20. Nh3 (20. Ne2 $15) 20... Ne4 {[%emt 0:03:35] White must now prevent ...g5.} 21. Bf4 {[%emt 0:03:11] Prevents g5.} Qg6 {[%emt 0:02:52] 0x0.0020a9e949f7dp-1022s more active pieces.} 22. Nd4 Nxd4 23. cxd4 Nf6 24. a4 {[%emt 0:03:41] Threatens to win with a5.} a6 (24... Re4 $17 25. Be3 Ng4) 25. Ra3 Qg4 (25... Re4 $15) 26. Qd2 (26. Rb3 $5 Qxd1 27. Rxd1 Bxd4 28. g3 $11) 26... Re4 27. Rd3 (27. Rg3 $5 Rxd4 28. Rxg4 Rxd2 29. Rxg7+ Kxg7 30. Bxd2 $15) 27... Qe2 28. Qc3 Rde8 $36 {[%emt 0:00:00][%cal Ob6a5][%mdl 2048] ...Ba5! is the strong threat. White is under pressure.} 29. Be3 {[%emt 0:00:30] [#] Strongly threatening Re1.} Ba5 $1 30. Qb3 Ng4 31. Nf4 $2 {[%emt 0:00:32][%mdl 8192] [#]} (31. Qd1 $1 $15 Qxd1 32. Rfxd1) 31... Rxf4 $1 $19 32. Qxd5 (32. Qd1 Qxd1) 32... Qxd3 33. Qxa5 {[%emt 0:00:31] Weighted Error Value: White=0.56/Black=0.13 (very precise)} 0-1

[Event "44th Chess Olympiad Women 2022"]
[Site "Chennai"]
[Date "2022.07.29"]
[Round "1.7"]
[White "Abrahamyan, Tatev"]
[Black "Alvarado Perez, Coralys M."]
[Result "1-0"]
[ECO "B01"]
[WhiteElo "2291"]
[BlackElo "1471"]
[Annotator "TA"]
[PlyCount "51"]
[EventDate "2022.07.29"]
[EventType "team-tourn"]
[EventCountry "IND"]
[SourceTitle "playchess.com"]
[Source "ChessBase"]
[SourceQuality "1"]
[WhiteTeam "United States"]
[BlackTeam "Puerto Rico"]
[WhiteTeamCountry "USA"]
[BlackTeamCountry "PUR"]
[TimeControl "40/5400+30:1800+30"]

1. e4 d5 2. exd5 Qxd5 3. Nc3 Qe5+ 4. Be2 c6 5. d4 Qc7 $1 6. Nf3 {[%emt 0:01:09] B01: Scandinavian Defence.} Bf5 7. Ne5 {[%emt 0:04:41] aiming for Bf4.} Nd7 8. Bf4 {[%emt 0:05:28] [#] g4 is the strong threat. White is slightly better.} Nxe5 9. Bxe5 Qd7 10. d5 {[%emt 0:04:34] [#] White is more active.} e6 $146 (10... Nf6 $16) ({Predecessor:} 10... f6 11. Bg3 e5 12. dxc6 Qxd1+ 13. Rxd1 bxc6 14. Bd3 Ne7 15. O-O Rb8 16. b3 Rd8 {½-½ (27) Ramsden,J (1934)-Thierry,R (2315) ICCF email 2011}) 11. dxc6 $18 Qxd1+ 12. Rxd1 ({Much weaker is} 12. Kxd1 $6 bxc6 13. g4 Bg6 $11) 12... bxc6 {[%emt 0:00:17] [#]} 13. Nb5 $1 $36 {[%emt 0:14:45][%mdl 2048] Threatens to win with Nc7+. Black is under strong pressure.} Bb4+ $2 (13... cxb5 {is a self mate.} 14. Bxb5+ Ke7 15. Rd7+ Ke8 16. Rxa7+ Kd8 17. Rxa8+ Ke7 18. Re8#) (13... Rd8 {keeps fighting.}) 14. c3 cxb5 15. Bxg7 ({Weaker is} 15. cxb4 f6 $18) 15... Bxc3+ (15... Ke7 $142 16. Bxh8 Bc5 17. Bxb5 Nf6 18. Bxf6+ Kxf6) 16. bxc3 {[%emt 0:00:46] White is clearly winning.} f6 17. Bxh8 Kf7 18. g4 Be4 19. f3 Bc6 20. g5 fxg5 21. Rg1 Ne7 22. Bd4 Rg8 23. Bxa7 Nf5 24. Bc5 h6 25. f4 gxf4 26. Bh5+ {[%emt 0:00:49] Black got outplayed after the opening.  Weighted Error Value: White=0.11 (very precise) /Black=0.51} 1-0